 Dungeon Crawl Stone Soup version 0.19.5 (webtiles) character file.

518 McKennaii the Gusty (level 7, -4/41 HPs)
             Began as a High Elf Air Elementalist on Apr 18, 2017.
             Shot with an arrow by a centaur (7 damage)
             ... on level 5 of the Dungeon.
             The game lasted 00:10:19 (4167 turns).

McKennaii the Gusty (High Elf Air Elementalist)     Turns: 4167, Time: 00:10:20

Health: -4/41      AC:  2    Str:  7    XL:     7   Next: 1%
Magic:  14/15      EV: 13    Int: 22    God:
Gold:   268        SH:  0    Dex: 15    Spells: 3 memorised, 11 levels left

rFire  . . .     SeeInvis .     (no weapon)
rCold  . . .     Gourm    .     a - +0 robe
rNeg   + . .     Faith    .     (no shield)
rPois  .         Spirit   .     (no helmet)
rElec  .         Reflect  .     (no cloak)
rCorr  .         Harm     .     (no gloves)
MR     .....                    (no boots)
Stlth  ++........               (no amulet)
                                (no ring)
                                s - ring of positive energy

@: no status effects
A: no striking features
a: no special abilities


You were on level 5 of the Dungeon.
You were not hungry.

You visited 1 branch of the dungeon, and saw 5 of its levels.

You collected 268 gold pieces.

Inventory:

Armour
 a - a +0 robe (worn)
 r - a +1 ring mail of fire resistance
Jewellery
 s - a ring of positive energy (left hand)
 v - a +5 ring of evasion {unknown}
Wands
 w - a wand of flame (30/48)
Scrolls
 e - 11 scrolls of identify {unknown}
 f - a scroll of immolation {unknown}
 g - a scroll of recharging {unknown}
 h - a scroll of random uselessness {unknown}
 l - 2 scrolls of noise {unknown}
 n - 2 scrolls of blinking {unknown}
 o - 2 scrolls of remove curse {unknown}
 p - 2 scrolls of fog {unknown}
 q - 2 scrolls of amnesia {unknown}
 t - a scroll of fear {unknown}
Potions
 d - 6 potions of curing {unknown}
 i - 2 potions of invisibility {unknown}
 k - 2 potions of degeneration {unknown}
 m - a potion of heal wounds {unknown}
Books
 b - a book of Air

   Spells                             Type                      Level
   a - Shock                          Conjuration/Air              1
   b - Swiftness                      Charms/Air                   2
   c - Repel Missiles                 Charms/Air                   2
   d - Static Discharge               Conjuration/Air              3
   e - Lightning Bolt                 Conjuration/Air              5
Comestibles
 c - 4 bread rations
 j - 2 meat rations
 u - 8 fruits


   Skills:
 + Level 2.9 Dodging
 + Level 3.0 Stealth
 + Level 5.1 Spellcasting
 + Level 3.5 Conjurations
 + Level 6.5 Air Magic


You had 11 spell levels left.
You knew the following spells:

 Your Spells              Type           Power        Failure   Level  Hunger
a - Shock                 Conj/Air       ####         1%          1    None
b - Swiftness             Chrm/Air       ###.....     4%          2    None
c - Repel Missiles        Chrm/Air       ###...       4%          2    None


Dungeon Overview and Level Annotations

Branches:
Dungeon (5/15)
 Temple: D:4-7

Altars:
Fedhas
Hepliaklqana
Makhleb
Uskayaw
Xom

Annotations:
D:5 Dickchan's ghost, novice HOFi


Message History

Press: ? - help, Shift-Dir - straight line, f/p - centaur
Aim: a centaur, wielding a shortbow (lightly wounded)
The zap hits the centaur.
The centaur is moderately wounded.
The centaur shoots an arrow.
The arrow hits you!
There is an open door here.
The centaur shoots an arrow.
The arrow is repelled.
You feel less protected from missiles.
You see here an arrow.
The centaur shoots an arrow.
The arrow barely misses you.
The centaur shoots an arrow.
The arrow hits you!
You see here an arrow.
The centaur shoots an arrow.
The arrow hits you.
The centaur shoots an arrow.
The arrow misses you.
You see here an arrow.
The centaur shoots an arrow.
The arrow hits you!
* * * LOW HITPOINT WARNING * * *
You see here 2 arrows.
The centaur shoots an arrow.
The arrow hits you!
You die...

##.#####.......#.##.......# #.#
#.......#.##.......#### #.###
#.......#.##..........# #.W<#
######+##.##..........# #####
#####.##.##..........#
#...#.##.##..........#
##...#..#.########....#
#........(((.(.(c'(...+
#.#####.#@########.(..# #.#
#.#.############# #####.#
#.#.##......########
#.....#####...##......'..[....
####..........#..##......#######.
..............#......(...........
..............#.......##.########
.........##................)...))
.........##.......###..#.########


You could see a centaur.

Vanquished Creatures
  An ogre (D:5)
  A scorpion (D:3)
  A howler monkey (D:4)
  A hound (D:4)
  An orc priest (D:5)
  A centaur skeleton (D:5)
  An orc wizard (D:5)
  3 worker ants (D:4)
  A hound skeleton (D:4)
  5 adders
  A shadow imp (D:5)
  An ooze (D:2)
  An adder skeleton (D:5)
  3 worms (D:4)
  2 leopard geckos
  5 orcs
  4 giant cockroaches
  6 goblins
  8 hobgoblins
  6 jackals (D:4)
  9 kobolds
  2 ball pythons
  8 bats
  4 frilled lizards
  A leopard gecko skeleton (D:4)
  11 rats
88 creatures vanquished.

Notes
Turn   | Place    | Note
-------+----------+-------------------------------------------
     0 | D:1      | McKennaii the High Elf Air Elementalist began the quest for the Orb.
     0 | D:1      | Reached XP level 1. HP: 11/11 MP: 4/4
   120 | D:1      | Reached skill level 4 in Air Magic
   176 | D:1      | Reached XP level 2. HP: 17/17 MP: 1/6
   851 | D:2      | Reached XP level 3. HP: 21/21 MP: 1/8
  1406 | D:2      | Found a hide-covered altar of Uskayaw.
  1645 | D:2      | Learned a level 2 spell: Swiftness
  1648 | D:2      | Learned a level 2 spell: Repel Missiles
  2088 | D:3      | Reached XP level 4. HP: 27/27 MP: 5/9
  2157 | D:3      | Found a burning altar of Makhleb.
  2277 | D:3      | Noticed a balrug
  2328 | D:3      | Found a blossoming altar of Fedhas.
  2607 | D:4      | Reached skill level 5 in Air Magic
  2630 | D:3      | Reached XP level 5. HP: 7/31 MP: 0/11
  3285 | D:4      | Reached XP level 6. HP: 24/36 MP: 6/13
  3489 | D:5      | Entered Level 5 of the Dungeon
  3510 | D:5      | Noticed Dickchan's ghost (novice HOFi)
  3657 | D:5      | Found a hazy altar of Hepliaklqana.
  3658 | D:5      | Found a shimmering altar of Xom.
  3658 | D:5      | Noticed a glowing orange brain
  3659 | D:5      | Noticed a spectral ugly thing
  3659 | D:5      | Noticed a glowing orange brain
  3755 | D:5      | Reached skill level 6 in Air Magic
  3783 | D:5      | Reached skill level 5 in Spellcasting
  4058 | D:5      | Reached XP level 7. HP: 41/41 MP: 12/15
  4167 | D:5      | Shot with an arrow by a centaur

Skill      XL: |  1  2  3  4  5  6 |
---------------+-------------------+-----
Air Magic      | 4 5 6 |  6.5
Spellcasting   | 3 4 5 |  5.1
Conjurations   | 2 3 |  3.5
Stealth        | 3 |  3.0
Dodging        | |  2.9

Action                   |  1- 3 |  4- 6 |  7- 9 || total
-------------------------+-------+-------+-------++-------
Melee: Unarmed           |     3 |       |       ||     3
 Cast: Shock             |    82 |   106 |     3 ||   191
       Repel Missiles    |       |     1 |       ||     1
  Eat: Bread ration      |     1 |       |       ||     1
       Fruit             |       |     2 |       ||     2
       Meat ration       |       |     1 |       ||     1
       Beef jerky        |       |     1 |       ||     1
Armor: Robe              |     5 |     4 |       ||     9
Dodge: Dodged            |    14 |    21 |     3 ||    38
       Deflected         |       |       |     1 ||     1
